 Dungeon Crawl Stone Soup version 0.21-a0-265-gb353147 (console) character file.

233 removed the Conjurer (level 5, -4/38 HPs)
             Began as a Demigod Venom Mage on Sept 10, 2017.
             Blown up by Ijyb (22 damage)
             ... with a wand of disintegration (?/24)
             ... on level 4 of the Dungeon.
             The game lasted 00:05:56 (2754 turns).

removed the Conjurer (Demigod Venom Mage)           Turns: 2754, Time: 00:05:57

Health: -4/38      AC:  8    Str: 14    XL:     5   Next: 45%
Magic:  3/10       EV: 12    Int: 21    God:
Gold:   234        SH:  0    Dex: 16    Spells: 6/7 levels left

rFire    . . .     SeeInvis .   u - -2 mace (curse)
rCold    . . .     Gourm    .   (no shield)
rNeg     . . .     Faith    .   t - +3 leather armour
rPois    .         Spirit   .   (no helmet)
rElec    .         Reflect  .   (no cloak)
rCorr    .         Harm     .   (no gloves)
MR       +....                  n - +1 pair of boots
Stlth    ++........             h - amulet of magic regeneration
HPRegen  0.12/turn              y - +3 ring of strength
MPRegen  0.37/turn              D - ring of protection from magic

@: no status effects
A: high mp 1
a: no special abilities


You were on level 4 of the Dungeon.
You were hungry.

You visited 1 branch of the dungeon, and saw 4 of its levels.

You collected 234 gold pieces.

Inventory:

Hand Weapons
 d - a cursed +0 dagger
 u - a cursed -2 mace (weapon)
 E - a +0 blowgun
 F - a +1 hand axe of flaming
Missiles
 e - 7 javelins (quivered)
Armour
 a - a +0 robe
 n - a +1 pair of boots (worn)
 t - a +3 leather armour (worn)
Jewellery
 h - an amulet of magic regeneration (around neck)
 x - an uncursed amulet of the gourmand {unknown}
 y - a +3 ring of strength (left hand)
 D - a ring of protection from magic (right hand)
Scrolls
 k - 3 scrolls of remove curse
 B - a scroll of amnesia {unknown}
 C - a scroll of fear
Potions
 i - 2 potions of might
 j - 2 potions of curing
 o - a potion of mutation {unknown}
 p - a potion of berserk rage {unknown}
 z - 2 potions of flight {unknown}
Books
 b - a Young Poisoner's Handbook

   Spells                             Type                      Level
   a - Sting                          Conjuration/Poison           1
   b - Poisonous Vapours              Poison/Air                   2
   c - Mephitic Cloud                 Conjuration/Poison/Air       3
   d - Olgreb's Toxic Radiance        Poison                       4
   e - Venom Bolt                     Conjuration/Poison           5
Comestibles
 c - 5 bread rations
 g - 3 meat rations
 q - a royal jelly
 s - 2 fruits


   Skills:
 - Level 1.7 Dodging
 - Level 1.7 Stealth
 - Level 1.7 Spellcasting
 + Level 5.3 Conjurations
 - Level 2.6 Poison Magic


You had 6 spell levels left.
You knew the following spells:

 Your Spells              Type           Power        Failure   Level  Hunger
a - Sting                 Conj/Pois      ###.         3%          1    #......


Dungeon Overview and Level Annotations

Branches:
Dungeon (4/15)
 Temple: D:4-7

Annotations:
D:4 Ijyb


Innate Abilities, Weirdness & Mutations

You have an increased reservoir of magic. (+10% MP)


Message History

Aim: a jackal The sting hits the jackal.
The jackal is poisoned.
The jackal is almost dead.
You kill the jackal!
Unknown command.
Casting: Sting
Confirm with . or Enter, or press ? or * to list all spells.
Aiming: Sting
Press: ? - help, Shift-Dir - straight line, f - Ijyb
Aim: Ijyb, wielding an enchanted club, wearing a scale mail and carrying a wand of disintegration (?/24) {zapped: 1} The sting hits Ijyb.
Ijyb appears unharmed.
Ijyb completely misses you.
Casting: Sting
Confirm with . or Enter, or press ? or * to list all spells.
Aiming: Sting
Press: ? - help, Shift-Dir - straight line, f/p - Ijyb
Aim: Ijyb, wielding an enchanted club, wearing a scale mail and carrying a wand of disintegration (?/24) {zapped: 1} The sting hits Ijyb.
Ijyb appears unharmed.
Ijyb zaps a wand.
You are blasted!
Ouch! That really hurt!
You die... ############ #....PPP... #. #PPP.P# #. #P._PP# #. #P.PPP#

#.##h....###.#.
#.@glh..........
#####..........#
#.######...# #.#
..# #.# .. #.# #
#h# ..#


You could see Ijyb, a leopard gecko and 2 jackals.

Vanquished Creatures
  A hound (D:4)
  An orc wizard (D:3)
  Terence (D:3)
  A hound skeleton (D:4)
  3 adders
  An ooze (D:2)
  3 worms
  3 dart slugs
  3 leopard geckos
  13 orcs
  A ball python (D:2)
  5 giant cockroaches
  6 goblins (D:1)
  7 hobgoblins
  6 jackals
  5 kobolds
  7 bats
  A frilled lizard (D:1)
  4 rats
72 creatures vanquished.

Notes
Turn   | Place    | Note
-------+----------+-------------------------------------------
     0 | D:1      | removed the Demigod Venom Mage began the quest for the Orb.
     0 | D:1      | Reached XP level 1. HP: 14/14 MP: 5/5
    35 | D:1      | Reached skill level 1 in Conjurations
   288 | D:1      | Reached skill level 2 in Conjurations
   288 | D:1      | Reached XP level 2. HP: 20/20 MP: 4/7
   875 | D:2      | Reached XP level 3. HP: 26/26 MP: 5/8
   927 | D:2      | Reached skill level 3 in Conjurations
  1804 | D:3      | Found a sacrificial altar of Ru.
  1804 | D:3      | Noticed Terence
  1823 | D:3      | Killed Terence
  1823 | D:3      | Reached skill level 4 in Conjurations
  1823 | D:3      | Reached XP level 4. HP: 29/33 MP: 7/9
  2184 | D:3      | Reached XP level 5. HP: 28/38 MP: 0/10
  2256 | D:3      | Found a stormy altar of Qazlal.
  2693 | D:4      | Reached skill level 5 in Conjurations
  2737 | D:4      | Found a blossoming altar of Fedhas.
  2737 | D:4      | Noticed Ijyb
  2754 | D:4      | Blown up by Ijyb

Vault maps used:
D:1:      minmay_arrival_stair_chambers
D:2:      kennysheep_generic_room_15
D:3:      nicolae_qazlal_general_emergency, first_bread,
          nicolae_ru_sacrificial_ziggurat, uniq_terence
D:4:      nicolae_ossuary_entry_giza, serial_bayou_pond_a, fedhas_altar_3,
          uniq_ijyb, uniq_menkaure, uniq_natasha, uniq_blork_the_orc

Skill      XL: |  1  2  3  4  5 |
---------------+----------------+-----
Conjurations   | 2 4 5 |  5.3
Dodging        | |  1.7
Stealth        | |  1.7
Spellcasting   | |  1.7
Poison Magic   | |  2.6

Action                   |  1- 3 |  4- 6 || total
-------------------------+-------+-------++-------
Melee: Hand axe          |       |     2 ||     2
       Mace              |       |     7 ||     7
Throw: Javelin           |     3 |       ||     3
 Cast: Sting             |   125 |   104 ||   229
  Use: Scroll            |       |     6 ||     6
  Eat: Chunk             |     4 |     4 ||     8
Armor: Robe              |     6 |       ||     6
       Leather armour    |     7 |    24 ||    31
Dodge: Dodged            |    20 |    47 ||    67

Table legend:
 A = Spawn XP
 B = Non-spawn XP
 C = Spawn XP percentage of total XP
 D = Spawn monster count
 E = Non-spawn monster count
 F = Spawn count percentage of total count
 G = Total turns spent on level
                    A         B        C        D         E        F      G
               +---------+---------+-------+---------+---------+-------+---------
         Total |       0 |     333 |   0.0 |       0 |      72 |   0.0 |  2754
               +---------+---------+-------+---------+---------+-------+---------
           D:1 |       0 |      45 |   0.0 |       0 |      24 |   0.0 |   861
           D:2 |       0 |      70 |   0.0 |       0 |      17 |   0.0 |   957
           D:3 |       0 |     139 |   0.0 |       0 |      22 |   0.0 |   788
           D:4 |       0 |      79 |   0.0 |       0 |       9 |   0.0 |   148
               +---------+---------+-------+---------+---------+-------+---------
